 Dungeon Crawl Stone Soup version 0.27.1-33-g824d729ab1 (webtiles) character file.

Game seed: 14104402556567761811

16 pkoi the Digger (level 2, -1/20 HPs)
             Began as a Draconian Earth Elementalist on Nov 30, 2021.
             Slain by a gnoll (3 damage)
             ... on level 1 of the Dungeon.
             The game lasted 00:00:38 (345 turns).

pkoi the Digger (Draconian Earth Elementalist)       Turns: 345, Time: 00:00:38

Health: -1/20      AC:  4    Str: 10    XL:     2   Next: 41%
Magic:  1/5        EV: 12    Int: 15    God:
Gold:   0          SH:  0    Dex: 11    Spells: 4/5 levels left

rFire    . . .     SeeInvis .     - Unarmed
rCold    . . .     Faith    .   (no shield)
rNeg     . . .     Spirit   .   (armour unavailable)
rPois    .         Reflect  .   (helmet restricted)
rElec    .         Harm     .   (no cloak)
rCorr    .         Rampage  .   (no gloves)
Will     .....                  (no boots)
Stlth    ++........             (no amulet)
HPRegen  0.06/turn              (no ring)
MPRegen  0.09/turn              (no ring)

@: no status effects
A: AC +4, unfitting armour, cold-blooded
a: no special abilities


You were on level 1 of the Dungeon.
You visited 1 branch of the dungeon, and saw 1 of its levels.

Inventory:

Missiles
 b - 53 stones
Scrolls
 a - a scroll of blinking {unknown}


   Skills:
 - Level 1.7 Dodging
 - Level 1.7 Stealth
 + Level 2.1 Unarmed Combat
 - Level 2.0 Spellcasting
 - Level 1.0 Transmutations
 - Level 3.0 Earth Magic


You had 4 spell levels left.
You knew the following spells:

 Your Spells              Type           Power      Damage    Failure   Level
a - Sandblast             Erth           20%        2d7       6%          1

Your spell library contained the following spells:

 Spells                   Type           Power      Damage    Failure   Level
 Passwall                 Tmut/Erth      5%         N/A       14%         2
 Stone Arrow              Conj/Erth      12%        3d7       34%         3
 Petrify                  Tmut/Erth      7%         N/A       67%         4


Dungeon Overview and Level Annotations

Branches:
Dungeon (1/15)

Altars:


Innate Abilities, Weirdness & Mutations

Your plain brown scales are hard. (AC +4)
You cannot fit into any form of body armour.
You are cold-blooded and may be slowed by cold attacks.


Message History

The kobold is moderately wounded.
The kobold hits you with a +0 club.
* * * LOW HITPOINT WARNING * * *
You barely miss the kobold.
The kobold is moderately wounded.
The kobold hits you with a +0 club.
* * * LOW HITPOINT WARNING * * *
Unknown command.
Aiming: Sandblast (safe; 6% risk of failure)
Press: ? - help, Q - select action, (/) - cycle Shift-Dir - straight line, f - kobold
Aim: a kobold, wielding a +0 club and quivering stones (moderately wounded, 74% to hit)
The blast of sand hits the kobold.
The kobold is severely wounded.
The kobold closely misses you.
Aiming: Sandblast (safe; 6% risk of failure)
Press: ? - help, Q - select action, (/) - cycle Shift-Dir - straight line, f/p - kobold
Aim: a kobold, wielding a +0 club and quivering stones (severely wounded, 74% to hit)
The blast of sand hits the kobold.
You kill the kobold!
Unknown command.
The gnoll shouts!
You hit the endoplasm.
You tail-slap the endoplasm, but do no damage.
The endoplasm is moderately wounded.
The endoplasm freezes you.
You are frozen.
* * * LOW HITPOINT WARNING * * *
Aiming: Sandblast (safe; 6% risk of failure)
Press: ? - help, Q - select action, (/) - cycle Shift-Dir - straight line, f - endoplasm
Aim: an endoplasm (moderately wounded, 98% to hit)
The blast of sand hits the endoplasm!
You kill the endoplasm!
Unknown command.
Aiming: Sandblast (safe; 6% risk of failure)
Press: ? - help, Q - select action, (/) - cycle Shift-Dir - straight line, f - gnoll
Aim: a gnoll, wielding a +0 club (82% to hit)
The blast of sand hits the gnoll.
The gnoll is lightly wounded.
The gnoll hits you with a +0 club.
You die...

...... ........... #..
#..####......... ##
#..####......r........ ...
..#.....J###.J....... ###[#######
...###.r#........... ...........
#.. #.b#..#........ .........#
#.. #..#..#........
.........#####..###..#..#........
.........#......@g......#........
.........#....#.###..##.#.##.....
.........#....#.# #.....#.. ..J..
.........#....#.###.#####.. .(...
.....#...........##.#####.. ....
.....#...........##.)....#
.....#............#.####.#
######............#.####.## ##
#.....................


You could see a gnoll.

Vanquished Creatures
  A dart slug (D:1)
  2 bats (D:1)
  2 endoplasms (D:1)
  A giant cockroach (D:1)
  3 jackals (D:1)
  2 ball pythons (D:1)
  A kobold (D:1)
  2 rats (D:1)
14 creatures vanquished.

Notes
Turn   | Place    | Note
-------+----------+-------------------------------------------
     0 | D:1      | pkoi the Draconian Earth Elementalist began the quest for
                  | the Orb.
     0 | D:1      | Reached XP level 1. HP: 14/14 MP: 3/3
    62 | D:1      | Reached skill level 1 in Unarmed Combat
   219 | D:1      | Reached XP level 2. HP: 16/20 MP: 1/5
   345 | D:1      | Slain by a gnoll

Illustrated notes

Levels and vault maps discovered:
D:1:      dpeg_arrival_short_road, layout_basic, st_stairs_7, minmay_3d_cube

Skill      XL: |  1  2 |
---------------+-------+-----
Unarmed Combat | 1 2 |  2.1
Dodging        | |  1.7
Stealth        | |  1.7
Spellcasting   | |  2.0
Transmutations | |  1.0
Earth Magic    | |  3.0

Action                   || total
-------------------------++-------
Melee: Unarmed           ||    39
       Tailslap          ||     2
 Cast: Sandblast         ||     9
Armor: Skin              ||    38
Dodge: Dodged            ||    49
